 Dungeon Crawl Stone Soup version 0.31-a0-1300-gb6740aa4e6 (webtiles) character file.

Game seed: 3171734743473298988

4602 jlumianski the Grappler (level 10, -5/76 HPs)
             Began as a Gnoll Shapeshifter on Dec 19, 2023.
             Was an Initiate of Wu Jian.
             Killed from afar by an acid dragon (21 damage)
             ... with a splash of acid
             ... on level 8 of the Dungeon.
             The game lasted 00:38:35 (9363 turns).

jlumianski the Grappler (Gnoll Shapeshifter)        Turns: 9363, Time: 00:38:36

Health: -5/76      AC:  2    Str: 16    XL:     10   Next: 42%
Magic:  0/18       EV: 18    Int: 12    God:    Wu Jian [......]
Gold:   237        SH:  0    Dex: 11    Spells: 10/19 levels left

rFire   . .          .
                       - Unarmed
rCold   . . .        (shield currently unavailable)
rNeg    . . .        f - melded +0 chain mail
rPois   .            (no helmet)
rElec   .            x - +2 cloak
rCorr   .            t - +2 pair of gloves
SInv    .            (no boots)
Will    .....        v - amulet of guardian spirit
Stlth   +            (no ring)
HPRegen 0.32/turn    (no ring)
MPRegen 0.16/turn

%: guardian spirit
@: flux-form, corroded, glowing
A: glow, contaminating, fangs 1, strong nose, distributed training
a: Begin Untransformation, Renounce Religion


You were on level 8 of the Dungeon.
You worshipped Wu Jian.
Wu Jian was noncommittal.
You were something dangerously unstable.
You visited 1 branch of the dungeon, and saw 9 of its levels.
You also visited: Ossuary.

You collected 655 gold pieces.
You spent 418 gold pieces at shops.

Inventory:

Hand Weapons
 k - a +0 dagger of pain
 w - a +2 dagger of venom
 P - a +0 longbow
Missiles
 l - 9 poisoned darts (quivered)
 r - a boomerang
 B - a throwing net
 I - 6 javelins
Armour
 a - a +0 animal skin
 f - a +0 chain mail (melded)
 i - a +0 ring mail
 t - a +2 pair of gloves (worn)
 x - a +2 cloak (worn)
 D - a +2 robe of cold resistance
 O - +0 steam dragon scales
Magical Staves
 N - the staff of Disorder {rElec Int-4 Dex+6 Conj Ice Air}
   (You found it on level 7 of the Dungeon)

   [staff of air]

   Base accuracy: +5 Base damage: 5 Base attack delay: 1.2 This weapon's minimum
   attack delay (0.6) is reached at skill level 12.
   Int-4:     It affects your intelligence (-4).
   Dex+6:     It affects your dexterity (+6).
   rElec:     It insulates you from electricity.
   Conj:      It increases the power of your Conjurations spells.
   Ice:       It increases the power of your Ice spells.
   Air:       It increases the power of your Air spells.
   It falls into the 'Staves' category.
   It is a one-handed weapon.
Jewellery
 v - an amulet of guardian spirit (around neck)
Talismans
 c - a beast talisman
 d - a flux talisman (active)
Wands
 F - a wand of mindburst (18)
 H - a wand of paralysis (11)
 L - a wand of light (9)
Scrolls
 e - a scroll of poison
 n - 4 scrolls of teleportation
 p - 2 scrolls of noise
 q - a scroll of enchant armour
 u - 2 scrolls of revelation
 y - a scroll of summoning
 z - a scroll of vulnerability
 C - a scroll of acquirement {unknown}
 G - 2 scrolls of blinking {unknown}
 M - a scroll of fear {unknown}
 R - a scroll of amnesia {unknown}
Potions
 b - 2 potions of lignification
 g - 3 potions of invisibility
 h - 3 potions of curing
 j - a potion of mutation
 m - 3 potions of resistance
 o - 2 potions of haste
 s - 3 potions of attraction
 A - 2 potions of enlightenment
 E - a potion of heal wounds
 J - a potion of degeneration
 K - a potion of brilliance


   Skills:
 + Level 6.0 Fighting
 + Level 5.3 Short Blades
 + Level 5.3 Long Blades
 + Level 5.3 Axes
 + Level 5.3 Maces & Flails
 + Level 5.3 Polearms
 + Level 5.3 Staves
 + Level 5.3 Ranged Weapons
 + Level 5.3 Throwing
 + Level 5.3 Armour
 + Level 7.1 Dodging
 + Level 5.3 Stealth
 + Level 5.3 Shields
 + Level 8.5 Unarmed Combat
 + Level 5.3 Spellcasting
 + Level 4.4 Conjurations
 + Level 4.4 Hexes
 + Level 4.4 Summonings
 + Level 4.4 Necromancy
 + Level 4.4 Translocations
 + Level 4.4 Transmutations
 + Level 4.4 Fire Magic
 + Level 4.4 Ice Magic
 + Level 4.4 Air Magic
 + Level 4.4 Earth Magic
 + Level 4.4 Poison Magic
 + Level 5.9 Invocations
 + Level 5.3 Evocations
 + Level 8.2 Shapeshifting


You had 10 spell levels left.
You knew the following spells:

 Your Spells              Type           Power      Damage    Failure   Level
a - Summon Small Mammal   Summ           52%        N/A       3%          1
b - Summon Guardian Gole  Hex/Summ       13%        N/A       10%         3
c - Call Canine Familiar  Summ           13%        N/A       10%         3
d - Lesser Beckoning      Tloc           26%        N/A       4%          2

Your spell library contained the following spells:

 Spells                   Type           Power      Damage    Failure   Level
 Sublimation of Blood     Necr           13%        N/A       4%          2
 Wereblood                Tmut           13%        N/A       4%          2
 Frozen Ramparts          Ice            26%        1d4       10%         3
 Gell's Gravitas          Tloc           13%        N/A       10%         3
 Teleport Other           Tloc           13%        N/A       10%         3
 Leda's Liquefaction      Tmut/Erth      6%         N/A       30%         4
 Petrify                  Tmut/Erth      13%        N/A       30%         4
 Metabolic Englaciation   Hex/Ice        6%         N/A       65%         5
 Summon Hydra             Summ           6%         N/A       100%        7


Dungeon Overview and Level Annotations

Branches:
Dungeon (9/15)             Temple (0/1) D:7         Ossuary (visited)
   Lair: D:8-11         Orc: D:9-12

Altars:
Ashenzari
Dithmenos
Trog
Wu Jian
Xom
The Shining One

Shops:
D:2 ?!   D:7 ?

Annotations:
D:6 1 runed translucent door, Crazy Yiuf


Innate Abilities, Weirdness & Mutations

You are something dangerously unstable.
You glow with magical radiation, making you easy to see and hit.
Foes you strike become dangerously contaminated with magical radiation.
You are incapable of wielding weapons or throwing items.
You have very sharp teeth.
Your uncanny sense of smell can sniff out nearby items.
Your experience applies equally to all skills.


Message History

The howler monkey is severely wounded.
The howler monkey barely misses you.
You hit the howler monkey.
You kill the howler monkey!
The Council accepts your kill.
You see here a howler monkey corpse.
Found 4 stones.
Magic restored.
HP restored.
Found a flail.
You see here a +0 flail.
You see here a +0 flail.
An acid dragon comes into view.
Casting: Call Canine Familiar (dangerous; 10% risk of failure)
Confirm with . or Enter, or press ? or * to list all spells.
You miscast Summon Guardian Golem.
You are very lightly contaminated with residual magic.
Nothing appears to happen.
Casting: Summon Guardian Golem (dangerous; 10% risk of failure)
Confirm with . or Enter, or press ? or * to list all spells.
You miscast Summon Guardian Golem.
Nothing appears to happen.
Casting: Summon Guardian Golem (dangerous; 10% risk of failure)
Confirm with . or Enter, or press ? or * to list all spells.
A guardian golem appears, shielding your allies.
You see here a +0 flail.
The acid dragon roars!
The acid dragon spits acid at you. The splash of acid hits you!!
The acid dragon spits acid at you. The splash of acid hits you!
The acid dragon spits acid at you. The splash of acid hits you!
The acid corrodes you!
Your magical contamination has completely faded away.
You swap places.
The acid dragon spits acid at you. The splash of acid hits you!!
* * * LOW HITPOINT WARNING * * *
The acid dragon spits acid at you. The splash of acid hits you!!
You die...

..######...........###.###
.........................##
#####.##.........#.#......#
#.###.......##.##.#####
#..........###...(..#
#..######### #####..# #..#
##..### #..# ######.....#
#..#########p)....#...##
#.....D......####.##...#
#......9...### #.####.#
#####..........# ##.# ###
...............# #..#
###............# #.## #
##...........# #.# #
##..........^# #.#
###............# #.#


You could see an acid dragon (catching breath, ally target) and a friendly
guardian golem (summoned).

Vanquished Creatures
  Pikel (D:5)
  Grinder (D:6)
  A wyvern (D:9)
  2 steam dragons
  Menkaure (D:6)
  2 water moccasins (D:7)
  Duvessa (D:6)
  3 sky beasts
  3 black bears (D:5)
  An ice beast (D:7)
  3 ogres
  4 centaurs
  A lemure (D:5)
  A phantom (D:5)
  An elf zombie (Ossuary)
  2 bullfrogs
  4 scorpions
  Dowan (D:6)
  A howler monkey (D:8)
  A jelly (D:4)
  An orc priest (D:6)
  4 hounds
  A gnoll bouda (D:3)
  3 iguanas
  6 orc wizards
  4 mummies (Ossuary)
  7 gnolls
  7 adders
  2 white imps
  2 ufetubi (D:4)
  An adder zombie (Ossuary)
  A worm (D:1)
  3 dart slugs
  19 orcs
  9 ball pythons
  3 endoplasms
  5 giant cockroaches
  A gnoll zombie (Ossuary)
  3 goblins
  10 hobgoblins
  4 jackals (D:3)
  7 quokkas
  6 bats
  2 frilled lizards (D:2)
  A goblin zombie (Ossuary)
  2 jackal zombies (Ossuary)
  8 kobolds
  3 kobold zombies (Ossuary)
  An orc zombie (Ossuary)
  A rat (D:1)
  2 rat zombies (Ossuary)
164 creatures vanquished.

Vanquished Creatures (collateral kills)
  A two-headed ogre (D:7)
  A hound (D:5)
  A gnoll (D:6)
3 creatures vanquished.

Vanquished Creatures (others)
  A sky beast (D:7)
1 creature vanquished.

Grand Total: 168 creatures vanquished

Notes
Turn   | Place    | Note
-------+----------+-------------------------------------------
     0 | D:1      | jlumianski the Gnoll Shapeshifter began the quest for the
                  | Orb.
     0 | D:1      | Reached XP level 1. HP: 17/17 MP: 1/1
   231 | D:1      | Reached XP level 2. HP: 23/23 MP: 2/2
   862 | D:2      | Reached XP level 3. HP: 28/28 MP: 3/3
  1369 | D:3      | Reached skill level 1 in Invocations
  1624 | D:2      | Reached skill level 1 in Short Blades
  1624 | D:2      | Reached skill level 1 in Long Blades
  1624 | D:2      | Reached skill level 1 in Axes
  1624 | D:2      | Reached skill level 1 in Maces & Flails
  1624 | D:2      | Reached skill level 1 in Polearms
  1624 | D:2      | Reached skill level 1 in Staves
  1624 | D:2      | Reached skill level 1 in Ranged Weapons
  1624 | D:2      | Reached skill level 1 in Throwing
  1624 | D:2      | Reached skill level 1 in Armour
  1624 | D:2      | Reached skill level 1 in Stealth
  1624 | D:2      | Reached skill level 1 in Shields
  1624 | D:2      | Reached skill level 1 in Spellcasting
  1624 | D:2      | Reached skill level 1 in Evocations
  1652 | D:2      | Found Ipuecko's Magic Scroll Boutique.
  1660 | D:2      | Bought a scroll of teleportation for 36 gold pieces
  1668 | D:2      | Found Muqanith's Distillery.
  1676 | D:2      | Bought a potion of curing for 42 gold pieces
  1676 | D:2      | Bought a potion of berserk rage for 70 gold pieces
  1799 | D:2      | Reached XP level 4. HP: 27/34 MP: 5/5
  2096 | D:3      | Reached skill level 1 in Conjurations
  2096 | D:3      | Reached skill level 1 in Hexes
  2096 | D:3      | Reached skill level 1 in Summonings
  2096 | D:3      | Reached skill level 1 in Necromancy
  2096 | D:3      | Reached skill level 1 in Translocations
  2096 | D:3      | Reached skill level 1 in Transmutations
  2096 | D:3      | Reached skill level 1 in Fire Magic
  2096 | D:3      | Reached skill level 1 in Ice Magic
  2096 | D:3      | Reached skill level 1 in Air Magic
  2096 | D:3      | Reached skill level 1 in Earth Magic
  2096 | D:3      | Reached skill level 1 in Poison Magic
  2594 | D:3      | Reached XP level 5. HP: 37/40 MP: 5/7
  2925 | D:5      | Entered Level 5 of the Dungeon
  2941 | D:5      | Noticed an ogre
  2951 | D:5      | Noticed a phantom
  2986 | D:5      | Found a sand-covered staircase.
  2989 | Ossuary  | Entered an ossuary
  3011 | Ossuary  | Reached XP level 6. HP: 28/47 MP: 8/8
  3020 | Ossuary  | Reached skill level 5 in Dodging
  3374 | D:5      | Reached XP level 7. HP: 38/52 MP: 10/10
  3479 | D:5      | Found a shadowy altar of Dithmenos.
  3883 | D:5      | Found a shimmering altar of Xom.
  4288 | D:4      | Learned a level 1 spell: Summon Small Mammal
  4593 | D:6      | Reached XP level 8. HP: 39/60 MP: 5/12
  5359 | D:6      | Found a bloodstained altar of Trog.
  5515 | D:6      | Noticed Pikel
  5552 | D:5      | Killed Pikel
  5553 | D:5      | Reached XP level 9. HP: 34/66 MP: 8/14
  5679 | D:6      | Found a broken altar of Ashenzari.
  6027 | D:6      | Noticed Menkaure
  6032 | D:6      | Killed Menkaure
  6034 | D:6      | Noticed Grinder
  6427 | D:6      | Paralysed by Grinder for 3 turns
  6433 | D:6      | Killed Grinder
  6434 | D:6      | Reached skill level 5 in Fighting
  6553 | D:6      | Found a runed translucent door.
  6554 | D:6      | Noticed Crazy Yiuf
  7109 | D:7      | Noticed a two-headed ogre
  7116 | D:6      | Learned a level 3 spell: Summon Guardian Golem
  7120 | D:6      | Learned a level 3 spell: Call Canine Familiar
  7151 | D:7      | Noticed Duvessa
  7151 | D:7      | Noticed Dowan
  7177 | D:6      | Killed Duvessa
  7183 | D:6      | Killed Dowan
  7299 | D:7      | HP: 3/68 [poisoned by a water moccasin]
  7597 | D:7      | Found an ornate altar of the Wu Jian Council.
  7609 | D:7      | Became a worshipper of the Wu Jian Council
  7618 | D:7      | Found a staircase to the Ecumenical Temple.
  7632 | D:7      | Killed a two-headed ogre
  7633 | D:7      | Reached skill level 5 in Invocations
  7741 | D:7      | Found a glowing golden altar of the Shining One.
  7791 | D:8      | Reached XP level 10. HP: 66/75 MP: 14/17
  7883 | D:7      | Found Moetem's Magic Scroll Boutique.
  7889 | D:7      | Reached skill level 5 in Short Blades
  7889 | D:7      | Reached skill level 5 in Long Blades
  7889 | D:7      | Reached skill level 5 in Axes
  7889 | D:7      | Reached skill level 5 in Maces & Flails
  7889 | D:7      | Reached skill level 5 in Polearms
  7889 | D:7      | Reached skill level 5 in Staves
  7889 | D:7      | Reached skill level 5 in Ranged Weapons
  7889 | D:7      | Reached skill level 5 in Throwing
  7889 | D:7      | Reached skill level 5 in Armour
  7889 | D:7      | Reached skill level 5 in Stealth
  7889 | D:7      | Reached skill level 5 in Shields
  7889 | D:7      | Reached skill level 5 in Spellcasting
  7889 | D:7      | Reached skill level 5 in Evocations
  7894 | D:7      | Identified the staff of Disorder {rElec Int-4 Dex+6 Conj
                  | Ice Air}
  7907 | D:7      | Bought a scroll of enchant armour for 90 gold pieces
  7907 | D:7      | Bought a scroll of enchant armour for 90 gold pieces
  7907 | D:7      | Bought a scroll of enchant armour for 90 gold pieces
  8389 | D:7      | Learned a level 2 spell: Lesser Beckoning
  9363 | D:8      | Killed from afar by an acid dragon

Illustrated notes

Levels and vault maps discovered:
D:1:      wander_arrival_estate, layout_loops_corners, nrook_loot_triangle,
          nicolae_houndstooth_variations
D:2:      layout_loops_ring, serial_shops, shop, shop
D:3:      layout_basic
D:4:      layout_gridville
D:5:      layout_cave_pods, mainiacjoe_overflow_chevrons, lemuel_doored_altar,
          lightli_ossuary_entry_decrepit_ruins
D:6:      layout_cave_pools, evilmike_ruin_ashenzari, trog_ov_bears_minmay,
          serial_co_window_serial, co_window_of_opportunity_a,
          co_window_paths_a, co_window_paths_a, co_window_corner_a,
          co_window_of_opportunity_a, co_window_2corner,
          co_window_of_opportunity_c, co_window_2corner,
          co_window_of_opportunity_c, co_window_corner_b,
          co_window_of_opportunity_c, glass_columns_c, glass_columns_c,
          glass_columns_a, uniq_pikel, uniq_menkaure, uniq_grinder,
          uniq_crazy_yiuf_cottage
D:7:      layout_basic, tso_metal_star, overflow_temple_1_default,
          minmay_temple_entry_enclosed_plants, serial_aquarium,
          aquarium_bridge_square [aquarium_subvault_bridge,
          aquarium_subvault_bridge, aquarium_subvault_window,
          aquarium_subvault_bridge], aquarium_bridge_square
          [aquarium_subvault_bridge, aquarium_subvault_window,
          aquarium_subvault_bridge, aquarium_subvault_window],
          aquarium_window_corner, aquarium_window_corner, aquarium_window_fake,
          aquarium_view_2b, serial_shops, nicolae_shop_waterfront,
          hangedman_abyss_or_decor_stagger, minmay_misc_feat_enclosed,
          hangedman_misty_isle, uniq_duvessa
D:8:      layout_rooms
D:9:      layout_roguey, st_stairs_7, chequers_garden,
          onia_ninara_dug_in_and_dangerous

Skill      XL: |  1  2  3  4  5  6  7  8  9 10 |
---------------+-------------------------------+-----
Invocations    | 1 2 3 4 5 |  5.9
Short Blades   | 1 2 3 4 5 |  5.3
Long Blades    | 1 2 3 4 5 |  5.3
Axes           | 1 2 3 4 5 |  5.3
Maces & Flails | 1 2 3 4 5 |  5.3
Polearms       | 1 2 3 4 5 |  5.3
Staves         | 1 2 3 4 5 |  5.3
Ranged Weapons | 1 2 3 4 5 |  5.3
Throwing       | 1 2 3 4 5 |  5.3
Armour         | 1 2 3 4 5 |  5.3
Stealth        | 1 2 3 4 5 |  5.3
Shields        | 1 2 3 4 5 |  5.3
Spellcasting   | 1 2 3 4 5 |  5.3
Evocations     | 1 2 3 4 5 |  5.3
Conjurations   | 1 2 3 4 |  4.4
Hexes          | 1 2 3 4 |  4.4
Summonings     | 1 2 3 4 |  4.4
Necromancy     | 1 2 3 4 |  4.4
Translocations | 1 2 3 4 |  4.4
Transmutations | 1 2 3 4 |  4.4
Fire Magic     | 1 2 3 4 |  4.4
Ice Magic      | 1 2 3 4 |  4.4
Air Magic      | 1 2 3 4 |  4.4
Earth Magic    | 1 2 3 4 |  4.4
Poison Magic   | 1 2 3 4 |  4.4
Fighting       | 3 4 5 6 |  6.0
Dodging        | 5 6 7 |  7.1
Unarmed Combat | 7 8 |  8.5
Shapeshifting  | 7 8 |  8.2

Action                     |  1- 3 |  4- 6 |  7- 9 | 10-12 || total
---------------------------+-------+-------+-------+-------++-------
  Melee: Unarmed           |    77 |   106 |   249 |   101 ||   533
         Bite              |     5 |    14 |    40 |    18 ||    77
         Punch             |     2 |     2 |     1 |       ||     5
   Cast: Summon Small Mamm |       |       |    28 |       ||    28
         Call Canine Famil |       |       |     2 |     1 ||     3
         Summon Guardian G |       |       |     2 |     1 ||     3
Ability: Lunge             |       |       |     2 |     6 ||     8
  Evoke: Wand              |       |       |     2 |       ||     2
    Use: Scroll            |     3 |     4 |     2 |     7 ||    16
         Potion            |       |     3 |     1 |     2 ||     6
   Stab: Sleeping          |       |       |     1 |     2 ||     3
         Distracted        |       |       |     1 |       ||     1
 Armour: Animal skin       |     2 |       |       |       ||     2
         Chain mail        |    39 |    78 |    44 |       ||   161
         Skin              |       |       |   130 |    69 ||   199
  Dodge: Dodged            |    29 |    50 |   260 |    89 ||   428
   Form: Flux              |       |       |     1 |       ||     1

Table legend: (Time is in decaauts)
 A = Elapsed time spent in this place.
 B = Non-inter-level travel time spent in this place.
 C = Inter-level travel time spent in this place.
 D = Time resting spent in this place.
 E = Time spent auto-exploring this place.
 F = Levels seen in this place.
 G = Mean time per level.
                   A        B        C        D        E       F      G
               +--------+--------+--------+--------+--------+-----+--------+
         Total |   9313 |   9092 |    221 |   2095 |   3998 |  10 |  931.3 |
       Dungeon |   8938 |   8717 |    221 |   1906 |   3990 |   9 |  993.1 |
       Ossuary |    375 |    375 |      0 |    189 |      8 |   1 |  375.0 |
               +--------+--------+--------+--------+--------+-----+--------+

Top non-repeatable levels by time:
     D:5: 1952 daAuts
     D:6: 1696 daAuts
     D:7: 1306 daAuts
     D:1: 1009 daAuts
     D:4: 918 daAuts
     D:3: 846 daAuts
     D:2: 833 daAuts
 Ossuary: 375 daAuts
     D:8: 343 daAuts
     D:9: 30 daAuts
